 Dungeon Crawl Stone Soup version 0.27.1-15-g792fb953b9 (webtiles) character file.

Game seed: 15436188892621754173

56 spaced the Skirmisher (level 3, -11/29 HPs)
             Began as a Demonspawn Abyssal Knight on Nov 20, 2021.
             Was a Follower of Lugonu.
             Mangled by Crazy Yiuf (16 damage)
             ... on level 3 of the Dungeon.
             The game lasted 00:06:16 (1938 turns).

spaced the Skirmisher (Demonspawn Abyssal Knight)   Turns: 1938, Time: 00:06:17

Health: -11/29     AC:  3    Str: 13    XL:     3   Next: 71%
Magic:  5/5        EV: 13    Int: 13    God:    Lugonu [*.....]
Gold:   83         SH:  7    Dex: 12    Spells: 2/2 levels left

rFire    . . .     SeeInvis .   a - +1 falchion
rCold    . . .     Faith    .   f - +0 kite shield
rNeg     . . .     Spirit   .   b - +0 leather armour
rPois    .         Reflect  .   (no helmet)
rElec    .         Harm     .   (no cloak)
rCorr    .         Rampage  .   (no gloves)
Will     .....                  (no boots)
Stlth    +.........             (no amulet)
HPRegen  0.09/turn              (no ring)
MPRegen  0.09/turn              (no ring)

@: agile, very slightly contaminated, invisible
A: talons 1
a: Renounce Religion, Depart the Abyss


You were on level 3 of the Dungeon.
You worshipped Lugonu.
Lugonu was aware of your devotion.
You visited 1 branch of the dungeon, and saw 3 of its levels.
You visited the Abyss 1 time.

You collected 83 gold pieces.

Inventory:

Hand Weapons
 a - a +1 falchion (weapon)
Missiles
 h - 4 datura-tipped darts (quivered)
Armour
 b - a +0 leather armour (worn)
 f - a +0 kite shield (worn)
Wands
 j - a wand of acid (10)
Scrolls
 c - 2 scrolls of teleportation {unknown}
 e - a scroll of enchant armour {unknown}
 g - a scroll of amnesia {unknown}
 i - a scroll of vulnerability {unknown}
Potions
 d - a potion of curing {unknown}
 k - a potion of haste {unknown}


   Skills:
 + Level 3.3 Fighting
 + Level 2.3 Long Blades
 + Level 2.4 Armour
 + Level 1.2 Dodging
 + Level 0.3 Stealth
 + Level 0.5 Shields
 * Level 0.1 Earth Magic
 + Level 2.8 Invocations


You had 2 spell levels left.
You didn't know any spells.
Your spell library contained the following spells:

 Spells                   Type           Power      Damage    Failure   Level
 Animate Armour           Summ/Erth      0%         N/A       100%        4
 Blade Hands              Tmut           0%         N/A       100%        5
 Iron Shot                Conj/Erth      0%         9d1       100%        6


Dungeon Overview and Level Annotations

Branches:
Dungeon (3/15)

Altars:

Annotations:
D:3 Crazy Yiuf


Innate Abilities, Weirdness & Mutations

You have sharp toenails.


Message History

Done exploring.
There is an escape hatch in the floor here.
You slide downwards.
The hatch slams shut behind you.
A bat comes into view.
You block the bat's attack. The bat misses you.
You hit the bat. You claw the bat.
You kill the bat!
Lugonu accepts your kill.
Found 5 gold pieces.
You now have 83 gold pieces (gained 5).
You see here 13 stones.
Found a mace.
Found a runed translucent door.
Crazy Yiuf shouts!
Crazy Yiuf laughs, "Defame head sizzlefizz!"
No reachable target in view!
You open the door. You hit Crazy Yiuf.
Crazy Yiuf is lightly wounded.
Crazy Yiuf barely misses you.
Crazy Yiuf hits you with a +3 quarterstaff of chaos!
You feel agile all of a sudden.
You closely miss Crazy Yiuf. Your kick misses Crazy Yiuf.
Crazy Yiuf is lightly wounded.
Crazy Yiuf hits you with a +3 quarterstaff of chaos.
You are too injured to fight recklessly!
You are too injured to fight recklessly!
You are too injured to fight recklessly!
You are too injured to fight recklessly!
You are too injured to fight recklessly!
You hit Crazy Yiuf.
Crazy Yiuf is moderately wounded.
Crazy Yiuf hits you with a +3 quarterstaff of chaos!
* * * LOW HITPOINT WARNING * * *
You fade into invisibility!
You are very lightly contaminated with residual magic.
You hit Crazy Yiuf.
Crazy Yiuf is heavily wounded.
Crazy Yiuf hits you with a +3 quarterstaff of chaos!
Ouch! That really hurt!
You die...

#######.# ##...##
#.......####.....####
#(#####...............
#.# ###############.
#.# #.########
#.#....#.### ###
#.......#..##...#
#......####@g...#
##....## ###..)#
###### ###


You could see Crazy Yiuf.

Vanquished Creatures
  2 adders (D:2)
  A dart slug (D:1)
  6 bats
  3 endoplasms (D:1)
  3 giant cockroaches
  4 goblins
  6 hobgoblins
  A kobold (D:1)
  2 quokkas
  2 ball pythons (D:1)
  A rat (D:2)
31 creatures vanquished.

Notes
Turn   | Place    | Note
-------+----------+-------------------------------------------
     0 | Abyss:1  | spaced the Demonspawn Abyssal Knight began the quest for
                  | the Orb.
     0 | Abyss:1  | Reached XP level 1. HP: 18/18 MP: 2/2
    58 | Abyss:1  | Found a corrupted altar of Lugonu.
    65 | D:1      | Escaped the Abyss
   159 | D:1      | Reached * piety under Lugonu
   345 | D:1      | Gained mutation: You have sharp toenails. [demonic
                  | ancestry]
   345 | D:1      | Reached XP level 2. HP: 24/24 MP: 4/4
   733 | D:1      | Reached skill level 1 in Dodging
  1069 | D:1      | Reached XP level 3. HP: 24/29 MP: 5/5
  1930 | D:3      | Found a runed translucent door.
  1931 | D:3      | Noticed Crazy Yiuf
  1938 | D:3      | Mangled by Crazy Yiuf

Illustrated notes

Levels and vault maps discovered:
D:1:      dpeg_arrival_tiny_k, layout_loops_ring
D:2:      layout_basic
D:3:      layout_loops_ring, gammafunk_ghost_icy, uniq_natasha, uniq_robin,
          uniq_crazy_yiuf_cottage

Skill      XL: |  1  2 |
---------------+-------+-----
Armour         | 2 |  2.4
Long Blades    | 2 |  2.3
Dodging        | 1 |  1.2
Fighting       | |  3.3
Stealth        | |  0.3
Shields        | |  0.5
Earth Magic    | |  0.1
Invocations    | |  2.8

Action                   || total
-------------------------++-------
Melee: Falchion          ||    84
       Kick              ||    18
Invok: Depart the Abyss  ||     1
 Stab: Sleeping          ||     1
Armor: Leather armour    ||    40
Dodge: Dodged            ||    26
Block: Kite shield       ||    37
       Rpst.: Falchion   ||    11
